 Dungeon Crawl Stone Soup version 0.31-a0-1002-g8e65716e6e (webtiles) character file.

Game seed: 6161124941312252286

302 Jannitor the Sneak (level 5, -8/46 HPs)
             Began as a Demigod Delver on Nov 10, 2023.
             Mangled by Menkaure (16 damage)
             ... on level 4 of the Dungeon.
             The game lasted 00:06:06 (3414 turns).

Jannitor the Sneak (Demigod Delver)                 Turns: 3414, Time: 00:06:07

Health: -8/46      AC:  7    Str: 13    XL:     5   Next: 90%
Magic:  7/7        EV: 10    Int: 12    God:
Gold:   184        SH:  0    Dex: 19    Spells: 4/4 levels left

rFire   . . .        k - +1 dagger (heavy)
rCold   . . .        (no shield)
rNeg    . . .        j - +1 scale mail
rPois   .            (helmet currently unavailable)
rElec   .            (cloak currently unavailable)
rCorr   .            (gloves currently unavailable)
SInv    .            (boots currently unavailable)
Will    .....        (no amulet)
Stlth   ++           (no ring)
HPRegen 0.27/turn    (no ring)
MPRegen 0.10/turn

%: no passive effects
@: brilliant, beast-form, studying Shapeshifting
A: beast (slay +1), high MP 1, forlorn, divine attributes
a: Begin Untransformation


You were on level 4 of the Dungeon.
You were a hulking beast.
You visited 1 branch of the dungeon, and saw 5 of its levels.

You collected 184 gold pieces.

Inventory:

Hand Weapons
 a - a +0 mace
 k - a +1 heavy dagger (weapon)
 m - a +1 vampiric dagger
Armour
 b - a +0 leather armour
 j - a +1 scale mail (worn)
 l - a +0 cloak
 o - a scarf of invisibility
Jewellery
 n - a ring of wizardry
Talismans
 e - a beast talisman (active)
Wands
 g - a wand of digging (3)
Scrolls
 c - a scroll of fog
 d - a scroll of revelation
 h - 3 scrolls of identify
 i - 2 scrolls of brand weapon
 p - 3 scrolls of enchant armour
 q - a scroll of fear


   Skills:
 + Level 3.8 Fighting
 - Level 2.0 Maces & Flails
 + Level 3.3 Dodging
 - Level 4.7 Stealth
 + Level 2.3 Unarmed Combat
 + Level 2.0 Shapeshifting


You had 4 spell levels left.
You didn't know any spells.
Your spell library contained the following spells:

 Spells                   Type           Power      Damage    Failure   Level
 Sandblast                Erth           0%         2d4       86%         1
 Passwall                 Tmut/Erth      0%         N/A       94%         2
 Gell's Gravitas          Tloc           0%         N/A       99%         3
 Ozocubu's Armour         Ice            0%         N/A       99%         3
 Stone Arrow              Conj/Erth      0%         3d7       99%         3
 Teleport Other           Tloc           0%         N/A       99%         3
 Brom's Barrelling Bould  Conj/Erth      0%         2d3       100%        4
 Dispersal                Tloc           0%         N/A       100%        6
 Ozocubu's Refrigeration  Ice            0%         4d7       100%        7


Dungeon Overview and Level Annotations

Branches:
Dungeon (5/15)
 Temple: D:4-7

Annotations:
D:4 exclusions: adder and hobgoblin, Menkaure


Innate Abilities, Weirdness & Mutations

You are a hulking beast.
Your limbs bulge with bestial killing power. (Slay +1)
You have an increased reservoir of magic. (+10% MP)
You shall have no god before yourself.
Your divine heritage dramatically boosts your attributes as you level up.


Message History

Unknown command.
As you read the scroll of brand weapon, it crumbles to dust.
Your +1 dagger of venom becomes incredibly heavy!
k - a +1 heavy dagger (weapon)
Okay, then.
Unknown command.
You hit Menkaure but do no damage. Menkaure hits you! Menkaure hits you.
You puncture Menkaure!
Menkaure is moderately damaged.
Menkaure barely misses you. x2
You barely miss Menkaure.
Menkaure is moderately damaged.
Menkaure hits you.
You hit Menkaure.
Menkaure is heavily damaged.
Menkaure closely misses you. Menkaure hits you.
You hit Menkaure.
Menkaure is severely damaged.
Menkaure barely misses you. Menkaure hits you!
* * * LOW HITPOINT WARNING * * *
You hit Menkaure.
Menkaure is almost destroyed.
Menkaure barely misses you. Menkaure closely misses you.
You hit Menkaure but do no damage.
Menkaure is almost destroyed.
Menkaure hits you.
* * * LOW HITPOINT WARNING * * *
Menkaure hits you but does no damage.
You aren't carrying any potions.
Okay, then.
Unknown command.
Okay, then.
Unknown command.
You hit Menkaure but do no damage.
Menkaure is almost destroyed.
Menkaure hits you but does no damage.
You barely miss Menkaure.
Menkaure is almost destroyed.
Menkaure hits you!
You die...

#.#..#...........##
#.
#.#..#.####..#.####
#. ....#.# #..#... .
#.. #..#.# #..#(####
#..####.#.####..#
.##................
..................#.
.....(....#.####.##.
##..Mh....# #
########.# #.# #.#
###


You could see Menkaure (fast).

Vanquished Creatures
  A scorpion (D:4)
  An iguana (D:4)
  Natasha (thrice) (D:2)
  7 adders
  2 worms
  2 dart slugs (D:1)
  8 ball pythons
  9 endoplasms
  2 giant cockroaches
  8 goblins
  9 hobgoblins
  6 jackals
  3 quokkas
  3 bats
  3 frilled lizards (D:1)
  5 kobolds
  5 rats
77 creatures vanquished.

Notes
Turn   | Place    | Note
-------+----------+-------------------------------------------
     0 | D:5      | Jannitor the Demigod Delver began the quest for the Orb.
     0 | D:5      | Reached XP level 1. HP: 18/18 MP: 3/3
   423 | D:1      | Reached XP level 2. HP: 20/25 MP: 4/4
   902 | D:1      | Reached XP level 3. HP: 26/31 MP: 5/5
  1640 | D:2      | Noticed Natasha
  1649 | D:2      | Killed Natasha
  1650 | D:2      | Reached skill level 1 in Unarmed Combat
  1650 | D:2      | Reached skill level 1 in Shapeshifting
  1677 | D:2      | Noticed Natasha
  1691 | D:2      | Killed Natasha
  1692 | D:2      | Reached XP level 4. HP: 34/38 MP: 6/6
  1720 | D:2      | Noticed Natasha
  1727 | D:2      | Killed Natasha
  2234 | D:3      | Reached XP level 5. HP: 45/45 MP: 7/7
  3400 | D:4      | Noticed Menkaure
  3402 | D:4      | Identified a scroll of acquirement
  3402 | D:4      | Acquired a manual of Shapeshifting
  3414 | D:4      | Mangled by Menkaure

Illustrated notes

Levels and vault maps discovered:
D:1:      roadster_arrival_rocket_small, layout_basic, serial_curves,
          eino_curves_01, eino_curves_04
D:2:      layout_basic, nicolae_the_louvre, uniq_natasha
D:3:      layout_basic, serial_rivers, chequers_serial_rivers_micro_c,
          chequers_serial_rivers_small_b, chequers_serial_rivers_micro_a,
          chequers_serial_rivers_small_b, minmay_between
D:4:      layout_basic, uniq_menkaure
D:5:      layout_loops_cross, makhleb_heckhound_becter

Skill      XL: |  1  2  3  4  5 |
---------------+----------------+-----
Maces & Flails | 2 |  2.0
Dodging        | 2 3 |  3.3
Fighting       | 3 |  3.8
Unarmed Combat | 1 2 |  2.3
Shapeshifting  | 1 2 |  2.0
Stealth        | |  4.7

Action                     |  1- 3 |  4- 6 || total
---------------------------+-------+-------++-------
  Melee: Mace              |    87 |       ||    87
         Dagger            |    28 |   114 ||   142
         Punch             |     2 |     2 ||     4
    Use: Potion            |     2 |     1 ||     3
         Scroll            |     1 |     6 ||     7
   Stab: Sleeping          |     6 |     5 ||    11
 Armour: Scale mail        |    66 |    71 ||   137
         Leather armour    |     8 |       ||     8
  Dodge: Dodged            |    56 |    48 ||   104
   Form: Beast             |     1 |       ||     1

Table legend: (Time is in decaauts)
 A = Elapsed time spent in this place.
 B = Non-inter-level travel time spent in this place.
 C = Inter-level travel time spent in this place.
 D = Time resting spent in this place.
 E = Time spent auto-exploring this place.
 F = Levels seen in this place.
 G = Mean time per level.
                   A        B        C        D        E       F      G
               +--------+--------+--------+--------+--------+-----+--------+
         Total |   3437 |   3263 |    174 |    155 |   2423 |   5 |  687.4 |
       Dungeon |   3437 |   3263 |    174 |    155 |   2423 |   5 |  687.4 |
               +--------+--------+--------+--------+--------+-----+--------+

Top non-repeatable levels by time:
     D:1: 1278 daAuts
     D:3: 888 daAuts
     D:2: 686 daAuts
     D:4: 579 daAuts
     D:5: 5 daAuts
